 Dungeon Crawl Stone Soup version 0.27.1-33-g824d729ab1 (webtiles) character file.

Game seed: 8692635941876014311

147 Garessta the Jinx (level 5, -3/28 HPs)
             Began as a Vampire Enchanter on Dec 11, 2021.
             Slain by an adder (4 damage)
             ... in a sewer.
             The game lasted 00:09:04 (3335 turns).

Garessta the Jinx (Vampire Enchanter)               Turns: 3335, Time: 00:09:05

Health: -3/28      AC:  2    Str:  7    XL:     5   Next: 7%
Magic:  0/8        EV: 13    Int: 17    God:
Gold:   109        SH:  0    Dex: 16    Spells: 2/8 levels left

rFire    . . .     SeeInvis +   h - +2 dagger (chaos)
rCold    + + .     Faith    .   (no shield)
rNeg     + + +     Spirit   +   b - +0 robe
rPois    ∞         Reflect  .   (no helmet)
rElec    .         Harm     .   (no cloak)
rCorr    .         Rampage  .   (no gloves)
Will     .....                  (no boots)
Stlth    +++.......             e - amulet of guardian spirit
HPRegen  0.00/turn              i - +4 ring of evasion
MPRegen  0.11/turn              (no ring)

@: bloodless, inhibited regen, constricted, very slow
A: bloodless, fangs 3, see invisible, vampiric 2
a: Bat Form, Revivify


You were in a sewer.
You visited 1 branch of the dungeon, and saw 3 of its levels.
You also visited: Sewer.

You collected 109 gold pieces.

Inventory:

Hand Weapons
 h - a +2 dagger of chaos (weapon)
Armour
 b - a +0 robe (worn)
Jewellery
 e - an amulet of guardian spirit (around neck)
 i - a +4 ring of evasion (left hand)
Wands
 l - a wand of iceblast (5)
Scrolls
 a - a scroll of enchant armour {unknown}
 g - a scroll of brand weapon
 j - 2 scrolls of fog {unknown}
 k - a scroll of amnesia {unknown}
Potions
 c - a potion of brilliance {unknown}
 d - a potion of invisibility {unknown}
 f - a potion of curing {unknown}
 n - a potion of cancellation
 o - a potion of haste {unknown}


   Skills:
 - Level 1.1 Short Blades
 - Level 2.1 Dodging
 - Level 4.4 Stealth
 - Level 2.0 Spellcasting
 * Level 8.4 Hexes


You had 2 spell levels left.
You knew the following spells:

 Your Spells              Type           Power      Damage    Failure   Level
a - Corona                Hex            33%        N/A       1%          1
b - Ensorcelled Hibernat  Hex/Ice        32%        N/A       5%          2
c - Confusing Touch       Hex            30%        N/A       1%          3

Your spell library contained the following spells:

 Spells                   Type           Power      Damage    Failure   Level
 Tukima's Dance           Hex            30%        N/A       1%          3
 Dazzling Flash           Conj/Hex       32%        N/A       11%         3


Dungeon Overview and Level Annotations

Branches:
Dungeon (3/15)              Sewer (1/1)

Altars:

Shops:
D:2 [


Innate Abilities, Weirdness & Mutations

You do not regenerate when monsters are visible.
You are frail without blood (-20% HP).
You can heal yourself when you bite living creatures.
You are immune to poison.
You have razor-sharp teeth.
You have supernaturally acute eyesight. (SInv)
You are afflicted with vampirism and can become a bat while bloodless.


Message History

The adder completely misses you. x2; The bullfrog hits you.
The ball python closely misses you. x2; The ball python bites you.
The ball python closely misses you. The adder closely misses you.
Your unstable footing causes you to fumble your attack.
The adder closely misses you. The bullfrog misses you.
The ball python completely misses you. The ball python closely misses you.
The adder bites you. The ball python completely misses you.
The ball python grabs you. The ball python constricts you.
Aiming: Ensorcelled Hibernation (safe; 5% risk of failure)
Press: ? - help, Q - select action, (/) - cycle Shift-Dir - straight line, f - bullfrog, p - adder
Aim: a bullfrog (chance to affect: 47%)
The bullfrog resists with some effort.
The bullfrog barely misses you. The adder closely misses you.
The ball python bites you. The adder bites you.
* * * LOW HITPOINT WARNING * * *
The ball python bites you.
* * * LOW HITPOINT WARNING * * *
The ball python constricts you.
* * * LOW HITPOINT WARNING * * *
The bullfrog closely misses you. The adder misses you.
You escape the ball python's grasp.
The bullfrog closely misses you. The ball python closely misses you.
The ball python misses you. The adder completely misses you.
The bullfrog completely misses you. The adder closely misses you.
It was a potion of cancellation.
Your magical effects are unravelling.
You feel magically purged.
You feel a little less mighty now.
A bullfrog comes into view.
The ball python misses you. The ball python grabs you.
The ball python constricts you. The bullfrog closely misses you.
The adder barely misses you.
Okay, then.
As you read the scroll labelled KOUPPUESADD, it crumbles to dust.
It is a scroll of brand weapon.
Your +2 dagger of draining erupts in a glittering mayhem of colour.
h - a +2 dagger of chaos (weapon)
The adder barely misses you. The bullfrog barely misses you.
The adder bites you.
You die...

####################
###..≈≈≈≈≈≈≈≈≈≈≈≈≈≈≈.S
##....≈≈≈≈≈#≈..≈# ≈
#.....≈≈SS≈≈≈≈≈#≈≈≈≈≈..
#.....≈≈@FS≈≈≈≈≈≈≈≈≈#..
##...†.≈≈SS≈≈≈≈≈≈≈≈≈≈≈.S
#......≈≈≈≈≈≈≈F≈≈≈≈≈≈≈#.
#....##################
##...#### #....#..#
#....'..# #...#####
##...##


You could see 2 bullfrogs, 3 adders and 2 ball pythons.

Vanquished Creatures
  3 adders
  4 river rats (Sewer)
  2 worms (D:3)
  3 orcs (D:3)
  6 endoplasms
  A giant cockroach (D:3)
  4 goblins
  3 hobgoblins
  6 jackals
  A kobold (D:1)
  2 quokkas
  13 ball pythons
  2 bats (D:1)
  4 frilled lizards
  26 rats
80 creatures vanquished.

Notes
Turn   | Place    | Note
-------+----------+-------------------------------------------
     0 | D:1      | Garessta the Vampire Enchanter began the quest for the Orb.
     0 | D:1      | Reached XP level 1. HP: 13/13 MP: 3/3
   251 | D:1      | Reached skill level 5 in Hexes
   558 | D:1      | Reached XP level 2. HP: 19/19 MP: 5/5
   561 | D:1      | Learned a level 2 spell: Ensorcelled Hibernation
   696 | D:1      | Found a faded altar of an unknown god.
  1023 | D:1      | Reached skill level 6 in Hexes
  1029 | D:1      | Gained mutation: You are afflicted with vampirism and can
                  | become a bat while bloodless. [Vampire growth]
  1029 | D:1      | Reached XP level 3. HP: 24/24 MP: 2/6
  1623 | D:2      | Found Fosa's Antique Armour Shoppe.
  2094 | D:3      | Reached skill level 7 in Hexes
  2167 | D:3      | Found a glowing drain.
  2190 | D:3      | Reached XP level 4. HP: 30/30 MP: 0/7
  2206 | Sewer    | Entered a sewer
  2849 | Sewer    | Reached skill level 8 in Hexes
  2980 | Sewer    | Learned a level 3 spell: Confusing Touch
  3145 | Sewer    | Reached XP level 5. HP: 28/28 MP: 1/8
  3332 | Sewer    | HP: 1/28 [constriction (1)]
  3335 | Sewer    | Slain by an adder

Illustrated notes

Levels and vault maps discovered:
D:1:      onia_arrival_mini_maze, layout_basic,
          chequers_ecumenical_altar_simple, minmay_door_square
D:2:      layout_basic, serial_shops, shop, chequers_serial_rivers_room_a,
          nrook_mini_backslash, dk_noncrumbling_4
D:3:      layout_basic, serial_shops, nicolae_shop_trees,
          cheibrodos_sewer_entry_sluice
Sewer:    sewer_minmay_w

Skill      XL: |  1  2  3  4 |
---------------+-------------+-----
Hexes          | 5 6 7 8 |  8.4
Short Blades   | |  1.1
Dodging        | |  2.1
Stealth        | |  4.4
Spellcasting   | |  2.0

Action                   |  1- 3 |  4- 6 || total
-------------------------+-------+-------++-------
Melee: Dagger            |   102 |    91 ||   193
       Bite              |     3 |     2 ||     5
 Cast: Corona            |     1 |       ||     1
       Ensorcelled Hiber |    22 |    25 ||    47
 Abil: Exsanguinate      |       |     1 ||     1
  Use: Potion            |     3 |     4 ||     7
       Scroll            |     1 |     1 ||     2
 Stab: Sleeping          |    23 |    18 ||    41
Armor: Robe              |    18 |     9 ||    27
       Skin              |    29 |    38 ||    67
Dodge: Dodged            |    60 |   118 ||   178
